 Dungeon Crawl Stone Soup version 0.30.1-11-g7821555f0a (webtiles) character file.

Game seed: 15717087915812689435

121 lonewolfV2 the Shield-Bearer (level 4, -1/40 HPs)
             Began as a Minotaur Fighter on Nov 9, 2023.
             Killed by divine providence
             ... invoked by an orc priest
              (10 damage)
             ... on level 3 of the Dungeon.
             The game lasted 00:02:41 (1950 turns).

lonewolfV2 the Shield-Bearer (Minotaur Fighter)     Turns: 1950, Time: 00:02:42

Health: -1/40      AC: 10    Str: 20    XL:     4   Next: 77%
Magic:  0/3        EV:  9    Int:  5    God:
Gold:   203        SH:  5    Dex: 12    Spells: 3/3 levels left

rFire   . . .        a - +0 war axe
rCold   . . .        c - +0 buckler
rNeg    . . .        j - +0 chain mail
rPois   .            (helmet restricted)
rElec   .            n - +0 cloak
rCorr   +            (no gloves)
SInv    .            (no boots)
Will    .....        i - amulet of guardian spirit Stlth
                     e - ring of resist corrosion
HPRegen 0.26/turn    (no ring)
MPRegen 0.08/turn

%: guardian spirit
@: no status effects
A: horns 2, retaliatory headbutt
a: no special abilities


You were on level 3 of the Dungeon.
You visited 1 branch of the dungeon, and saw 3 of its levels.

You collected 203 gold pieces.

Inventory:

Hand Weapons
 a - a +0 war axe (weapon)
Armour
 c - a +0 buckler (worn)
 j - a +0 chain mail (worn)
 n - a +0 cloak (worn)
Jewellery
 e - a ring of resist corrosion (left hand)
 i - an amulet of guardian spirit (around neck)
Scrolls
 g - a scroll of enchant weapon {unknown}
 q - a scroll of torment {unknown}
 r - a scroll of teleportation
Potions
 b - a potion of brilliance {unknown}
 d - a potion of might
 f - 3 potions of curing {unknown}
 h - a potion of haste {unknown}
 k - 2 potions of resistance {unknown}
 l - 2 potions of ambrosia {unknown}
 m - a potion of lignification {unknown}
 o - a potion of attraction {unknown}
 p - a potion of flight {unknown}


   Skills:
 + Level 3.7 Fighting
 - Level 2.4 Axes
 + Level 4.5 Armour
 * Level 3.4 Dodging
 - Level 4.5 Shields


You had 3 spell levels left.
You didn't know any spells.
Your spell library contained the following spells:

 Spells                   Type           Power      Damage    Failure   Level
 Sandblast                Erth           0%         2d4       99%         1
 Passwall                 Tmut/Erth      0%         N/A       100%        2
 Stone Arrow              Conj/Erth      0%         3d7       100%        3


Dungeon Overview and Level Annotations

Branches:
Dungeon (3/15)

Altars:


Innate Abilities, Weirdness & Mutations

You have a pair of horns on your head.
You reflexively headbutt those who attack you in melee.


Message History

The orc is moderately wounded.
The orc throws a boomerang.
The boomerang hits you. You block the orc's attack.
You slash the orc!
You kill the orc!
An orc priest comes into view. It is wielding a +0 dagger.
The orc throws a boomerang.
The boomerang hits you.
The orc priest shouts!
The orc throws a boomerang.
The boomerang closely misses you.
The orc throws a boomerang.
The boomerang barely misses you.
There is a stone staircase leading up here.
Things that are here:
a +0 short sword; a +0 leather armour
Found 5 gold pieces.
The orc hits you but does no damage.
The orc priest looks satisfied for a moment.
The orc closely misses you. The orc hits you with a +0 morningstar.
You closely miss the orc. You barely miss the orc. x2
The orc priest looks satisfied for a moment.
The orc hits you with a +0 mace. The orc hits you with a +0 morningstar!
You block the orc's attack. The orc hits you but does no damage.
The orc hits you with a +0 mace. The orc hits you with a +0 short sword.
You slash the orc!
You kill the orc!
You hit the orc. You slash the orc!
You kill the orc!
The orc hits you but does no damage.
The orc priest casts a cantrip, but nothing happens.
The orc priest calls upon Beogh to heal the orc.
The orc's wounds heal themselves!
Things that are here:
a +0 mace; 3 boomerangs; an orc corpse You slash the orc!
You kill the orc!
The orc priest invokes the aid of Beogh against you.
Beogh smites you!
* * * LOW HITPOINT WARNING * * *
Things that are here:
a +0 short sword; a +0 leather armour; an orc corpse The orc priest mumbles some strange prayers to Beogh against you.
Beogh smites you!
You die...

#.#######.#. #.# ...+.
#.# #...#. #.#########.
#...........
#############....###....
................)'.'..>.
.$.....).<.##....###....
.......@)..##^...# #####
.......o...##....#
..........?#######
......###### ......
...... #####


You could see an orc priest.

Vanquished Creatures
  An orc wizard (D:3)
  3 adders
  3 worms (D:2)
  A dart slug (D:2)
  6 orcs (D:3)
  6 ball pythons
  5 endoplasms
  5 goblins
  4 hobgoblins
  2 jackals (D:1)
  6 kobolds
  2 quokkas (D:1)
  A bat (D:2)
  A frilled lizard (D:1)
  6 rats
52 creatures vanquished.

Notes
Turn   | Place    | Note
-------+----------+-------------------------------------------
     0 | D:1      | lonewolfV2 the Minotaur Fighter began the quest for the
                  | Orb.
     0 | D:1      | Reached XP level 1. HP: 19/19 MP: 0/0
   114 | D:1      | Reached skill level 1 in Dodging
   162 | D:1      | Reached XP level 2. HP: 26/27 MP: 1/1
   722 | D:2      | Reached XP level 3. HP: 22/33 MP: 0/2
  1347 | D:2      | Reached XP level 4. HP: 39/40 MP: 3/3
  1523 | D:3      | Found a faded altar of an unknown god.
  1950 | D:3      | Killed from afar by an orc priest

Illustrated notes

Levels and vault maps discovered:
D:1:      doesnt_arrival_eight_statues, layout_basic, minmay_gold_behind_fungi
D:2:      layout_loops_ring, minmay_indecisive_spiral
D:3:      layout_basic, zin_purify, gup_sewer_entry_pipe,
          ebering_ecumenical_altar_ruins, st_stairs_7

Skill      XL: |  1  2  3  4 |
---------------+-------------+-----
Dodging        | 1 2 3 |  3.4
Shields        | 4 |  4.5
Armour         | 4 |  4.5
Fighting       | |  3.7
Axes           | |  2.4

Action                     |  1- 3 |  4- 6 || total
---------------------------+-------+-------++-------
  Melee: War axe           |    96 |    34 ||   130
         Headbutt          |     9 |     4 ||    13
    Use: Scroll            |     3 |     2 ||     5
 Armour: Scale mail        |    15 |       ||    15
         Chain mail        |    38 |    15 ||    53
  Dodge: Dodged            |    47 |    16 ||    63
  Block: Buckler           |    19 |    10 ||    29
